 Dungeon Crawl Stone Soup version 0.29.0-11-gd7f09526c8 (webtiles) character file.

Game seed: 6236675844591436865

162 doricub5 the Trooper (level 5, -4/49 HPs)
             Began as a Minotaur Fighter on Sept 2, 2022.
             Slain by Grinder (5 damage)
             ... while paralysed by Grinder
             ... on level 3 of the Dungeon.
             The game lasted 00:06:02 (1976 turns).

doricub5 the Trooper (Minotaur Fighter)             Turns: 1976, Time: 00:06:03

Health: -4/49      AC: 10    Str: 22    XL:     5   Next: 19%
Magic:  4/4        EV:  2    Int:  5    God:
Gold:   146        SH:  0    Dex: 10    Spells: 4/4 levels left

rFire   . . .      SeeInvis .   a - +0 war axe
rCold   . . .      Faith    .   c - +0 buckler
rNeg    . . .      Spirit   .   o - +1 chain mail
rPois   .          Reflect  .   (helmet restricted)
rElec   .          Harm     .   (no cloak)
rCorr   .          Rampage  .   (no gloves)
Will    .....                   (no boots)
Stlth   ..........              (no amulet)
HPRegen 0.16/turn               (no ring)
MPRegen 0.09/turn               (no ring)

@: paralysed
A: horns 2, retaliatory headbutt
a: no special abilities


You were on level 3 of the Dungeon.
You visited 1 branch of the dungeon, and saw 3 of its levels.

You collected 146 gold pieces.

Inventory:

Hand Weapons
 a - a +0 war axe (weapon)
Armour
 c - a +0 buckler (worn)
 o - a +1 chain mail (worn)
Scrolls
 b - a scroll of fog {unknown}
 e - a scroll of fear {unknown}
 f - a scroll of enchant armour
 i - a scroll of amnesia {unknown}
 l - a scroll of identify {unknown}
 m - a scroll of immolation {unknown}
Potions
 d - a potion of might
 g - a potion of ambrosia {unknown}
 h - 3 potions of lignification {unknown}
 j - a potion of degeneration {unknown}
 k - a potion of attraction {unknown}
 n - 2 potions of curing {unknown}


   Skills:
 * Level 5.6 Fighting
 + Level 3.9 Axes
 + Level 4.7 Armour
 - Level 3.6 Shields


You had 4 spell levels left.
You didn't know any spells.
Your spell library contained the following spells:

 Spells                   Type           Power      Damage    Failure   Level
 Summon Small Mammal      Summ           0%         N/A       99%         1
 Call Canine Familiar     Summ           0%         N/A       100%        3
 Ozocubu's Armour         Ice            0%         N/A       100%        3
 Summon Guardian Golem    Hex/Summ       0%         N/A       100%        3
 Ozocubu's Refrigeration  Ice            0%         4d7       100%        7


Dungeon Overview and Level Annotations

Branches:
Dungeon (3/15)

Altars:

Annotations:
D:3 Grinder


Innate Abilities, Weirdness & Mutations

You have a pair of horns on your head.
You reflexively headbutt those who attack you in melee.


Message History

You barely miss Grinder. Your headbutt misses Grinder.
Grinder is moderately wounded.
Grinder hits you but does no damage.
You hit Grinder but do no damage. You headbutt Grinder!
Grinder is heavily wounded.
Grinder gestures at you.
You suddenly lose the ability to move!
Grinder hits you but does no damage. Grinder hits you!
You writhe in agony.
You can move again.
You closely miss Grinder.
Grinder is heavily wounded.
Grinder hits you.
You barely miss Grinder. Your headbutt misses Grinder.
Grinder is heavily wounded.
Grinder hits you.
You writhe in agony.
Grinder hits you but does no damage.
You hit Grinder but do no damage. Your headbutt misses Grinder.
Grinder is heavily wounded.
Grinder says, "I used to sell toenails on the black market."
You block Grinder's attack.
You closely miss Grinder.
Grinder is heavily wounded.
Grinder barely misses you.
You hit Grinder.
Grinder is heavily wounded.
Grinder gestures at you.
You suddenly lose the ability to move!
Grinder gestures at you. Pain shoots through your body!
* * * LOW HITPOINT WARNING * * *
Grinder hits you.
* * * LOW HITPOINT WARNING * * *
You writhe in agony.
* * * LOW HITPOINT WARNING * * *
Grinder gestures at you. Pain shoots through your body!
* * * LOW HITPOINT WARNING * * *
Grinder hits you.
* * * LOW HITPOINT WARNING * * *
You writhe in agony.
You die...

..........####
........#.# ######
........#.###....#
........#......#.# ##
...............#.###...
..#####.#####..#.....
#...#####.#..#
#........)...#
#...#####.#@## #
...#.5......
#####........ #########


You could see Grinder.

Vanquished Creatures
  An orc priest (D:2)
  An orc wizard (D:2)
  4 adders
  2 worms (D:2)
  2 dart slugs
  4 orcs
  8 ball pythons
  2 endoplasms (D:1)
  A giant cockroach (D:3)
  8 goblins
  4 hobgoblins
  2 jackals (D:1)
  A quokka (D:1)
  2 bats (D:1)
  5 frilled lizards
  5 kobolds
  7 rats
59 creatures vanquished.

Notes
Turn   | Place    | Note
-------+----------+-------------------------------------------
     0 | D:1      | doricub5 the Minotaur Fighter began the quest for the Orb.
     0 | D:1      | Reached XP level 1. HP: 19/19 MP: 0/0
   144 | D:1      | Reached skill level 4 in Fighting
   145 | D:1      | Reached XP level 2. HP: 26/27 MP: 1/1
   392 | D:1      | Reached XP level 3. HP: 32/34 MP: 2/2
   851 | D:2      | Reached skill level 5 in Fighting
   851 | D:2      | Reached XP level 4. HP: 19/42 MP: 3/3
  1138 | D:2      | Found a faded altar of an unknown god.
  1823 | D:3      | Reached XP level 5. HP: 38/48 MP: 4/4
  1960 | D:3      | Noticed Grinder
  1967 | D:3      | Paralysed by Grinder for 2 turns
  1973 | D:3      | Paralysed by Grinder for 4 turns
  1975 | D:3      | HP: 2/49 [Grinder/nerve-wracking pain (8)]
  1976 | D:3      | Slain by Grinder

Illustrated notes

Levels and vault maps discovered:
D:1:      dpeg_arrival_more_subterranean_lakeside_camping, layout_rooms,
          fountainhead, chequers_hall_statues_y
D:2:      cheibrodos_pilgrimage, layout_basic,
          hellmonk_ecumenical_altar_crossroads
D:3:      layout_basic, grunt_temple_overflow_growth_and_decay,
          old_standard_altar, hellmonk_ghost_happy_afterlife,
          uniq_crazy_yiuf_cottage, uniq_grinder

Skill      XL: |  1  2  3 |
---------------+----------+-----
Fighting       | 4 5 |  5.6
Armour         | 4 |  4.7
Axes           | 3 |  3.9
Shields        | |  3.6

Action                   |  1- 3 |  4- 6 || total
-------------------------+-------+-------++-------
Melee: War axe           |    61 |    57 ||   118
       Headbutt          |     8 |    11 ||    19
  Use: Scroll            |       |     1 ||     1
 Stab: Distracted        |     1 |       ||     1
Armor: Scale mail        |    34 |    10 ||    44
       Chain mail        |       |    19 ||    19
Dodge: Dodged            |    26 |    17 ||    43
Block: Buckler           |    19 |    15 ||    34
